 Dungeon Crawl Stone Soup version 0.24.0-123-gd5b16e6ec5 (webtiles) character file.

Game seed: 2754556387370897355, levelgen mode: deterministic

165 DungeonDestroyer the Shield-Bearer (level 5, -1/42 HPs)
             Began as a Formicid Fighter on Jan 6, 2020.
             Succumbed to a gnoll's poison
             ... on level 3 of the Dungeon on Jan 8, 2020.
             The game lasted 00:05:12 (2482 turns).

DungeonDestroyer the Shield-Bearer (FoFi)           Turns: 2482, Time: 00:05:13

Health: -1/42      AC:  7    Str: 17 (20) XL:     5   Next: 75%
Magic:  4/4        EV:  8    Int:  5 (8)  God:
Gold:   129        SH: 13    Dex:  9 (11) Spells: 4/4 levels left

rFire    . . .     SeeInvis +   a - +1 long sword
rCold    . . .     Gourm    .   c - +0 shield
rNeg     . . .     Faith    .   b - +0 scale mail
rPois    .         Spirit   .   (helmet unavailable)
rElec    .         Reflect  .   (no cloak)
rCorr    .         Harm     .   (no gloves)
MR       .....                  (no boots)
Stlth    ..........             (no amulet)
HPRegen  0.14/turn              (no ring)
MPRegen  0.09/turn              (no ring)

@: lethally poisoned (-1 -> -20)
A: permanent stasis, dig shafts and tunnels, four strong arms, antennae 3, large
bone plates 1, low mp 1
a: Dig, Shaft Self


You were on level 3 of the Dungeon.
You were not hungry.

You visited 1 branch of the dungeon, and saw 3 of its levels.

You collected 129 gold pieces.

Inventory:

Hand Weapons
 a - a +1 long sword (weapon)
 g - a +4 flail
Armour
 b - a +0 scale mail (worn)
 c - a +0 shield (worn)
 n - a +0 chain mail of cold resistance
Scrolls
 h - 3 scrolls of teleportation
 j - 4 scrolls of identify
Potions
 d - 2 potions of might
Comestibles
 f - 9 rations
 i - 4 chunks of flesh


   Skills:
 + Level 4.0 Fighting
 + Level 3.6 Long Blades
 + Level 3.9 Armour
 + Level 1.1 Dodging
 + Level 4.7 Shields


You had 4 spell levels left.
You didn't know any spells.
Your spell library was empty.

Dungeon Overview and Level Annotations

Branches:
Dungeon (3/15)

Altars:
Makhleb
Zin


Innate Abilities, Weirdness & Mutations

You cannot be hasted, slowed, berserked, paralysed or teleported.
You can dig through walls and to a lower floor.
Your four strong arms can wield two-handed weapons with a shield.
You have a pair of large antennae on your head. (SInv)
You are partially covered in large bone plates. (SH +4)
Your magical capacity is low. (-10% MP)


Message History

You are lethally poisoned!
Unknown command.
You feel sick. The gnoll hits you but does no damage.
You are more poisoned.
There is an open door here.
You hit the gnoll.
The gnoll is moderately wounded.
* * * LOW HITPOINT WARNING * * *
You feel very sick. You block the gnoll's attack. The gnoll closely misses you.
Your shield prevents you from hitting the gnoll.
The gnoll is moderately wounded.
* * * LOW HITPOINT WARNING * * *
You feel sick. The gnoll hits you with a +0 club.
* * * LOW HITPOINT WARNING * * *
The gnoll hits you from afar with a +1 spear of venom.
* * * LOW HITPOINT WARNING * * *
You closely miss the gnoll.
The gnoll is moderately wounded.
You die...

# #..##.#.# ######## #
##.##.#.# #......# #
#......# #.####.# .
#....### #.# #.######
#..#)# #.# #.##.... #....#
#.# #.##.###
.###....######รท####.#.....
.......>##..........#####.
####...gg@<.........# #.
#....##$.......[### #.
#....##...........# ##
#....##...........# #
#....##.......[...# #
#....##...........# #
'....##.........#.#####
##.... #.........#...#..
#############.#.#


You could see 2 gnolls.

Vanquished Creatures
  Jessica (D:2)
  3 gnolls
  3 adders
  An ooze (D:1)
  A worm (D:3)
  A dart slug (D:2)
  A leopard gecko (D:1)
  5 orcs (D:3)
  5 giant cockroaches
  8 goblins
  9 hobgoblins
  3 quokkas
  2 ball pythons (D:3)
  7 bats
  5 frilled lizards
  6 kobolds
  6 rats
67 creatures vanquished.

Notes
Turn   | Place    | Note
-------+----------+-------------------------------------------
     0 | D:1      | DungeonDestroyer the Formicid Fighter began the quest for
                  | the Orb.
     0 | D:1      | Reached XP level 1. HP: 18/18 MP: 1/1
   105 | D:1      | Reached XP level 2. HP: 14/24 MP: 2/2
   264 | D:1      | Gained mutation: Your magical capacity is low. (-10% MP)
                  | [potion of mutation]
   264 | D:1      | Gained mutation: You are partially covered in large bone
                  | plates. (SH +4) [potion of mutation]
   404 | D:1      | Reached XP level 3. HP: 30/30 MP: 2/2
   910 | D:2      | Reached XP level 4. HP: 33/37 MP: 3/3
  1221 | D:2      | Found a burning altar of Makhleb.
  1223 | D:2      | Found a glowing silver altar of Zin.
  1223 | D:2      | Noticed an angel
  1223 | D:2      | Noticed a cacodemon
  1298 | D:2      | Noticed Jessica
  1304 | D:2      | Killed Jessica
  1429 | D:2      | Reached XP level 5. HP: 42/42 MP: 4/4
  1864 | D:3      | Reached skill level 1 in Dodging
  2481 | D:3      | HP: 1/42 [gnoll/+1 spear of venom (6)]
  2482 | D:3      | Succumbed to a gnoll's poison

Levels and vault maps discovered:
D:1:      dpeg_arrival_boxes_within_box, layout_basic
D:2:      layout_rooms, grunt_temple_overflow_order_and_chaos_2,
          chequers_big_river, grunt_ministairs_2, uniq_crazy_yiuf_cottage,
          uniq_jessica
D:3:      layout_basic, minmay_misc_feat_columns, minmay_misc_feat_more_columns

Skill      XL: |  1  2  3  4  5 |
---------------+----------------+-----
Shields        | 4 |  4.7
Long Blades    | 3 |  3.6
Fighting       | 4 |  4.0
Dodging        | 1 |  1.1
Armour         | |  3.9

Action                   |  1- 3 |  4- 6 || total
-------------------------+-------+-------++-------
Melee: Long sword        |   105 |   156 ||   261
  Use: Potion            |     2 |     3 ||     5
       Scroll            |     4 |     2 ||     6
  Eat: Chunk             |       |     2 ||     2
       Ration            |       |     1 ||     1
Armor: Scale mail        |    36 |    36 ||    72
Dodge: Dodged            |    33 |    39 ||    72
Block: Shield            |    82 |   130 ||   212
       Rpst.: Long sword |     8 |    11 ||    19
